 Seeded DCSS version 0.29-a0-356-g7bc237e783 (webtiles) character file.

Game seed: 13387057801375688922 (custom seed)

7 zeratav the Insei (level 2, 18/18 HPs)
             Began as an Octopode Transmuter on Apr 26, 2022.
             Quit the game on level 1 of the Dungeon.
             The game lasted 00:00:34 (202 turns).

zeratav the Insei (Octopode Transmuter)              Turns: 202, Time: 00:00:34

Health: 18/18      AC:  1    Str:  9    XL:     2   Next: 0%
Magic:  5/5        EV: 13    Int: 15    God:
Gold:   17         SH:  0    Dex: 12    Spells: 4/5 levels left

rFire   . . .      SeeInvis .     - Unarmed
rCold   . . .      Faith    .   (no shield)
rNeg    . . .      Spirit   .   (helmet restricted)
rPois   .          Reflect  .   (no amulet)
rElec   .          Harm     .   (no ring)
rCorr   .          Rampage  .   (no ring)
Will    .....                   (no ring)
Stlth   ++........              (no ring)
HPRegen 0.06/turn               (no ring)
MPRegen 0.09/turn               (no ring)
                                (no ring)
                                (no ring)

@: no status effects
A: almost no armour, amphibious, 8 rings, camouflage 1, gelatinous body 1,
(nimble swimmer 1), tentacles
a: no special abilities


You were on level 1 of the Dungeon.
You visited 1 branch of the dungeon, and saw 1 of its levels.

You collected 17 gold pieces.


Innate Abilities, Weirdness & Mutations

You cannot wear most types of armour.
You are amphibious.
You can wear up to eight rings at the same time.
Your skin changes colour to match your surroundings (Stealth+).
Your rubbery body absorbs attacks. (AC +1, EV +1)
((You are camouflaged when in or above water. (Stealth+)))
You have tentacles for arms and can constrict up to eight enemies at once.


   Skills:
 - Level 1.0 Fighting
 - Level 2.0 Dodging
 - Level 3.0 Unarmed Combat
 - Level 2.0 Spellcasting
 + Level 2.6 Transmutations


You had 4 spell levels left.
You knew the following spells:

 Your Spells              Type           Power      Damage    Failure   Level
a - Beastly Appendage     Tmut           18%        N/A       8%          1

Your spell library contained the following spells:

 Spells                   Type           Power      Damage    Failure   Level
 Wereblood                Tmut           9%         N/A       11%         2
 Spider Form              Tmut/Pois      5%         N/A       36%         3
 Ice Form                 Ice/Tmut       5%         N/A       77%         4

Inventory:

Scrolls
 b - a scroll of teleportation {unknown}
 d - a scroll of acquirement
Potions
 a - a potion of lignification {!q}
 c - 2 potions of curing {unknown}

Dungeon Overview and Level Annotations

Branches:
Dungeon (1/15)

Altars:

....#.#)#...#.#.#...#
...............#....#
#.#.#.#.#.#.#.#.#...#
#........(..........#
#########..#####.####
########...# #.#
...........# #.#
########...# #.####
##### #@...#
...........#
#######....# #.####
#.# #.# #.# #r#


You could see a rat (asleep).


Message History

A giant cockroach comes into view.
A giant cockroach is nearby!
One of your tentacles grows a vicious spike.
MP[-1]
You lost 1 mp, and now have 2/3 mp.
The helpless giant cockroach fails to defend itself.
You tentacle-slap the giant cockroach. Your grab misses the giant cockroach.
You pierce the giant cockroach, but do no damage.
Your tentacle-slap misses the giant cockroach.
The giant cockroach closely misses you.
You tentacle-slap the giant cockroach. You grab the giant cockroach.
You pierce the giant cockroach, but do no damage.
Your transformation is almost over.
You constrict the giant cockroach, but do no damage.
The giant cockroach bites you but does no damage.
You tentacle-slap the giant cockroach. You squeeze the giant cockroach.
You kill the giant cockroach!
No target in view!
No target in view!
No target in view!
No target in view!
No target in view!
No target in view!
No target in view!
No target in view!
No target in view!
No target in view!
No target in view!
Your tentacle spike disappears.
c - 2 brown potions MP[+1]
Your mp is fully restored (3).
A goblin comes into view. It is wielding a +0 dagger.
The goblin shouts!
You hear an angry hiss.
One of your tentacles grows a vicious spike.
A ball python comes into view.
A frilled lizard comes into view.
MP[-1]
You lost 1 mp, and now have 2/3 mp.
A frilled lizard comes into view.
The ball python hisses angrily.
A goblin comes into view. It is wielding a +0 dagger.
The goblin hits you with a +0 dagger.
HP[-1]
You take 1 damage, and now have 12/13 hp.
You completely miss the goblin. Your grab misses the goblin.
The goblin hits you but does no damage.
You tentacle-slap the goblin. Your grab misses the goblin.
You pierce the goblin.
You kill the goblin!
You closely miss the frilled lizard. You grab the frilled lizard.
You pierce the frilled lizard.
Your squeeze misses the frilled lizard. You constrict the frilled lizard.
You kill the frilled lizard!
The frilled lizard bites you.
HP[-3]
You take 3 damage, and now have 9/13 hp.
MASSIVE DAMAGE!! (PAUSE)
You are too injured to fight recklessly!
You are too injured to fight recklessly!
You are too injured to fight recklessly!
You are too injured to fight recklessly!
You are too injured to fight recklessly!
You are too injured to fight recklessly!
You are too injured to fight recklessly!
You are too injured to fight recklessly!
You are too injured to fight recklessly!
You are too injured to fight recklessly!
You are too injured to fight recklessly!
You are too injured to fight recklessly!
You are too injured to fight recklessly!
You are too injured to fight recklessly!
You are too injured to fight recklessly!
You barely miss the frilled lizard. You grab the frilled lizard.
You pierce the frilled lizard.
You kill the frilled lizard!
Your transformation is almost over.
You barely miss the ball python. Your grab misses the ball python.
You pierce the ball python.
You kill the ball python!
The goblin barely misses you.
You see here a frilled lizard corpse.
You closely miss the goblin. Your grab misses the goblin.
Your tentacle spike misses the goblin.
You squeeze the goblin.
You kill the goblin!
You have reached level 2!
HP[+4] MP[+1]
You now have 18 max hp (+5).
You regained 4 hp, and now have 13/18 hp.
Your tentacle spike disappears.
You see here a +0 dagger {short}.
Things that are here:
a +0 dagger {short}; a goblin corpse; HP[+5] MP[+2]
Your hp is fully restored (18).
Your mp is fully restored (5).
You see here a +0 hunting sling {sling}.
d - a scroll labelled KECWAL DEYFETS You see here 16 stones {throwing}.
A rat comes into view.
Okay, then.
This is a scroll of acquirement!
Are you sure you want to abandon this character and quit the game? (Confirm with "yes".)

Action                   || total
-------------------------++-------
Melee: Unarmed           ||     9
       Kick              ||     6
       Constrict         ||     3
       Tentacles         ||     2
 Cast: Beastly Appendage ||     2
 Stab: Sleeping          ||     1
Armor: Skin              ||     2
Dodge: Dodged            ||     2

Levels and vault maps discovered:
D:1:      saegor_arrival_fortress, layout_rooms,
          shapermc_ecumenical_altar_acropolis, hangedman_decor_riveting

Notes
Turn   | Place    | Note
-------+----------+-------------------------------------------
     0 | D:1      | zeratav the Octopode Transmuter began the quest for the
                  | Orb.
     0 | D:1      | Reached XP level 1. HP: 13/13 MP: 3/3
     0 | D:1      | magus.rc [v1.9.6]
   100 | D:1      | Reached XP level 2. HP: 13/18 MP: 3/5
   202 | D:1      | Identified a scroll of acquirement
   202 | D:1      | Quit the game

Vanquished Creatures
  A ball python (D:1)
  A giant cockroach (D:1)
  2 goblins (D:1)
  2 frilled lizards (D:1)
6 creatures vanquished.

Table legend:
 A = Non-vault XP
 B = Vault XP
 C = Vault XP percentage of total XP
 D = Non-vault monster count
 E = Vault monster count
 F = Vault count percentage of total count
                 A         B        C        D         E       F
            +---------+---------+-------+---------+---------+-------
      Total |      10 |       0 |   0.0 |       6 |       0 |   0.0
            +---------+---------+-------+---------+---------+-------
        D:1 |      10 |       0 |   0.0 |       6 |       0 |   0.0
            +---------+---------+-------+---------+---------+-------

Illustrated notes

Table legend:
 A = Kills in this place as a percentage of kills in entire the game.
 B = Kills by you in this place as a percentage of kills by you in the entire game.
 C = Kills by friends in this place as a percentage of kills by friends in the entire game.
 D = Other kills in this place as a percentage of other kills in the entire game.
 E = Experience gained in this place as a percentage of experience gained in the entire game.
 F = Experience gained in this place divided by the number of levels of this place that you have seen.
                   A       B       C       D       E      F
               +-------+-------+-------+-------+-------+----------------------
         Total | 100.0 | 100.0 |   N/A |   N/A | 100.0 |  10.0
       Dungeon | 100.0 | 100.0 |   N/A |   N/A | 100.0 |  10.0
               +-------+-------+-------+-------+-------+----------------------

Table legend: (Time is in decaauts)
 A = Elapsed time spent in this place.
 B = Non-inter-level travel time spent in this place.
 C = Inter-level travel time spent in this place.
 D = Time resting spent in this place.
 E = Time spent auto-exploring this place.
 F = Levels seen in this place.
 G = Mean time per level.
                   A        B        C        D        E       F      G
               +--------+--------+--------+--------+--------+-----+--------+
         Total |    201 |    201 |      0 |      0 |    172 |   1 |  201.0 |
       Dungeon |    201 |    201 |      0 |      0 |    172 |   1 |  201.0 |
               +--------+--------+--------+--------+--------+-----+--------+

Top non-repeatable levels by time:
     D:1: 201 daAuts
